San Jose Sharks vs Vegas Golden Knights
Created - Monday, February 5, 2024 at 08:25
Goals
|
| San Jose Sharks |
0 |
0 |
1 |
0 |
1 |
2 |
| Vegas Golden Knights |
1 |
0 |
0 |
0 |
0 |
1 |
|
Shots
|
| San Jose Sharks |
9 |
15 |
8 |
2 |
3 |
34 |
| Vegas Golden Knights |
18 |
18 |
9 |
2 |
3 |
47 |
|
1st period
1. Vegas Golden Knights , Rickard Rakell 3 (Nikolaj Ehlers 3, Jordan Staal 1) at 5:44
Penalties :
No Penalty
2nd period
No Goal
Penalties :
No Penalty
3rd period
2. San Jose Sharks , Zachary Werenski 2 (Derek Forbort 1, Ilya Samsonov) at 17:13
Penalties :
Connor Murphy (SJS) for Hooking (Minor) at 13:07
Overtime #1
No Goal
Penalties :
No Penalty
Shootout
San Jose Sharks, Valeri Nichushkin - Goal!
Vegas Golden Knights, Rickard Rakell - Shot Misses the Net
San Jose Sharks, Adam Henrique - Shot Misses the Net
Vegas Golden Knights, Lars Eller - Stopped by Ilya Samsonov
San Jose Sharks, William Karlsson - Stopped by Alexandar Georgiev
Vegas Golden Knights, Nikolaj Ehlers - Stopped by Ilya Samsonov
Penalties :
No Penalty
Goalie Stats
Ilya Samsonov (SJS), 46 saves from 47 shots - (0.979), W, 2-1-1, 65:00 minutes
Alexandar Georgiev (VGK), 33 saves from 34 shots - (0.971), OTL, 1-1-1, 65:00 minutes
Players Stats for San Jose Sharks
Player Name G A P +/- PIM S H SB GA TA FO MP PP MP PK MP
------------------------------------------------------------------------------------
Adam Henrique 0 0 0 -1 0 1 3 0 1 0 7/19 19:27 0:00 1:00
Andreas Athanasiou 0 0 0 1 0 2 0 0 0 1 0/0 10:58 0:00 0:00
Anthony Deangelo 0 0 0 0 0 1 0 3 0 1 0/0 16:11 0:00 0:00
Christian Dvorak 0 0 0 -1 0 2 2 0 0 0 1/3 16:11 0:00 0:00
Christopher Tanev 0 0 0 -1 0 1 0 2 0 0 0/0 20:35 0:00 1:26
Connor Murphy 0 0 0 -1 2 2 2 1 0 0 0/0 19:10 0:00 0:00
Derek Forbort 0 1 1 1 0 2 0 2 0 1 0/0 28:14 0:00 0:33
Dylan Strome 0 0 0 0 0 1 1 0 1 0 0/0 19:55 0:00 0:59
Ilya Mikheyev 0 0 0 0 0 1 1 0 0 0 1/1 14:19 0:00 0:00
Ivan Barbashev 0 0 0 -1 0 3 4 0 0 0 0/0 16:11 0:00 0:00
Jack Roslovic 0 0 0 0 0 0 0 2 0 0 0/2 15:11 0:00 0:00
John Hayden 0 0 0 1 0 0 2 0 0 0 0/5 10:13 0:00 0:00
Ryan Hartman 0 0 0 0 0 3 0 0 0 0 5/18 15:08 0:00 0:00
Simon Nemec 0 0 0 0 0 0 1 2 0 0 0/0 17:43 0:00 1:04
Valeri Nichushkin 0 0 0 0 0 7 3 0 0 0 2/8 20:13 0:00 1:00
Victor Olofsson 0 0 0 1 0 4 1 0 1 0 0/0 10:13 0:00 0:00
William Karlsson 0 0 0 0 0 0 1 2 0 1 10/17 20:00 0:00 0:59
Zachary Werenski 1 0 1 1 0 4 0 3 1 1 0/0 28:08 0:00 0:55
Players Stats for Vegas Golden Knights
Player Name G A P +/- PIM S H SB GA TA FO MP PP MP PK MP
------------------------------------------------------------------------------------
Alex Chiasson 0 0 0 0 0 2 0 0 0 0 1/1 10:24 0:00 0:00
Chris Kreider 0 0 0 -1 0 6 0 0 0 1 0/1 19:58 1:08 0:00
Eric Staal 0 0 0 0 0 3 1 0 0 0 9/17 15:23 0:41 0:00
Joe Pavelski 0 0 0 0 0 7 0 0 1 0 2/4 19:52 1:08 0:00
John Marino 0 0 0 -1 0 0 1 0 0 0 0/0 20:27 0:07 0:00
Jonathan Drouin 0 0 0 0 0 0 0 1 0 0 0/0 9:33 0:10 0:00
Jordan Staal 0 1 1 1 0 2 2 0 0 0 12/15 18:04 0:00 0:00
Lars Eller 0 0 0 0 0 0 1 1 0 0 3/3 9:23 0:00 0:00
Marc Staal 0 0 0 -1 0 0 1 1 0 2 0/0 20:44 0:00 0:00
Marc-Edouard Vlasic 0 0 0 1 0 1 0 1 0 0 0/0 16:44 0:44 0:00
Nikolaj Ehlers 0 1 1 1 0 3 0 0 1 0 0/1 17:31 0:51 0:00
Reilly Smith 0 0 0 -1 0 2 0 0 0 0 0/1 16:38 0:33 0:00
Rickard Rakell 1 0 1 0 0 8 2 0 1 0 1/2 19:18 0:51 0:00
Roman Josi 0 0 0 0 0 6 2 4 1 1 0/0 27:58 1:17 0:00
Sean Couturier 0 0 0 0 0 2 1 3 1 0 19/27 19:47 1:08 0:00
Shea Theodore 0 0 0 0 0 0 1 1 0 0 0/0 27:51 0:42 0:00
Travis Hamonic 0 0 0 1 0 0 0 1 0 0 0/0 15:08 0:00 0:00
Tyler Bertuzzi 0 0 0 0 0 5 1 0 0 0 0/1 15:17 0:35 0:00
3 Stars
1 - Ilya Samsonov (SJS)
2 - Alexandar Georgiev (VGK)
3 - Zachary Werenski (SJS)
Power Play
San Jose Sharks - 0 on 0 Attempt(s) - 0.00%
Vegas Golden Knights - 0 on 1 Attempt(s) - 0.00%
Penalty Kill
San Jose Sharks - 1 on 1 Attempt(s) - 100.00%
- Score 0 goal in Penalty Kill
Vegas Golden Knights - 0 on 0 Attempt(s) - 0.00%
- Score 0 goal in Penalty Kill
Team Stat
San Jose Sharks - Hits : 21 - Faceoff Wins : 26 - Blocked Shots : 17 - Penalty Minutes : 2
Vegas Golden Knights - Hits : 13 - Faceoff Wins : 47 - Blocked Shots : 13 - Penalty Minutes : 0
Official
Referees : Trevor Hanson and Rob Martell
Linesman : Mike Cvik and Shane Heyer
Game Notes
No Game Note
Finance
Level 1 -- Attendance: 5302 (88.37%) -- Ticket Income $503,690
Level 2 -- Attendance: 5000 (100.00%) -- Ticket Income $275,000
Level 3 -- Attendance: 2916 (97.20%) -- Ticket Income $87,480
Level 4 -- Attendance: 5000 (100.00%) -- Ticket Income $100,000
Luxury Box -- Attendance: 958 (95.80%) -- Ticket Income $182,020
Game was played at the T-Mobile Arena.
Total Attendance: 19176 (95.88%)
Total Ticket Income: $1,148,190
Other Income: $401,866
Total Income: $1,550,056
San Jose Sharks
5 vs 5 Forward
Center Left Wing Right Wing Time % Phy DF OF
1 William Karlsson Valeri Nichushkin Dylan Strome 30 1 2 2
2 Adam Henrique Christian Dvorak Ivan Barbashev 30 1 2 2
3 Ryan Hartman Ilya Mikheyev Jack Roslovic 25 1 2 2
4 John Hayden Andreas Athanasiou Victor Olofsson 15 1 2 2
5 vs 5 Defense
Defense Defense Time % Phy DF OF
1 Derek Forbort Zachary Werenski 30 1 2 2
2 Christopher Tanev Connor Murphy 30 1 2 2
3 Anthony Deangelo Simon Nemec 25 1 2 2
4 Derek Forbort Zachary Werenski 15 1 2 2
PowerPlay Forward
Center Left Wing Right Wing Time % Phy DF OF
1 Adam Henrique Valeri Nichushkin Dylan Strome 50 1 2 2
2 William Karlsson Christian Dvorak Ivan Barbashev 50 1 2 2
PowerPlay Defense
Defense Defense Time % Phy DF OF
1 Derek Forbort Zachary Werenski 50 1 2 2
2 Christopher Tanev Connor Murphy 50 1 2 2
Penalty Kill 4 Players Forward
Center Wing Time % Phy DF OF
1 Valeri Nichushkin Adam Henrique 50 1 2 2
2 William Karlsson Dylan Strome 50 1 2 2
Penalty Kill 4 Players Defense
Defense Defense Time % Phy DF OF
1 Derek Forbort Zachary Werenski 50 1 2 2
2 Christopher Tanev Connor Murphy 50 1 2 2
Penalty Kill - 3 Players Forward
Forward Time % Phy DF OF
1 Valeri Nichushkin 50 1 2 2
2 Adam Henrique 50 1 2 2
Penalty Kill - 3 Players Defense
Defense Defense Time % Phy DF OF
1 Derek Forbort Zachary Werenski 50 1 2 2
2 Christopher Tanev Connor Murphy 50 1 2 2
4 vs 4 Forward
Center Wing Time % Phy DF OF
1 Valeri Nichushkin Adam Henrique 50 1 2 2
2 William Karlsson Dylan Strome 50 1 2 2
4 vs 4 Defense
Defense Defense Time % Phy DF OF
1 Derek Forbort Zachary Werenski 50 1 2 2
2 Christopher Tanev Connor Murphy 50 1 2 2
Last Minutes Offensive
Center Left Wing Right Wing Defense Defense
Adam Henrique Valeri Nichushkin Dylan Strome Derek Forbort Zachary Werenski
Last Minutes Defensive
Center Left Wing Right Wing Defense Defense
Adam Henrique Valeri Nichushkin Dylan Strome Derek Forbort Zachary Werenski
Goaltenders
Starting : Ilya Samsonov
Backup : Logan Thompson
Extra Forwards
Normal : Ryan Hartman, Jack Roslovic, Andreas Athanasiou - PP : Ryan Hartman, Jack Roslovic - PK : Andreas Athanasiou
Extra Defensemen
Normal : Anthony Deangelo, Simon Nemec, Christopher Tanev - PP : Anthony Deangelo - PK : Simon Nemec, Christopher Tanev
Penalty Shots
Valeri Nichushkin, Adam Henrique, William Karlsson, Dylan Strome, Christian Dvorak
Vegas Golden Knights
5 vs 5 Forward
Center Left Wing Right Wing Time % Phy DF OF
1 Sean Couturier Chris Kreider Joe Pavelski 30 1 2 2
2 Jordan Staal Nikolaj Ehlers Rickard Rakell 30 1 2 2
3 Eric Staal Tyler Bertuzzi Reilly Smith 25 1 2 2
4 Lars Eller Jonathan Drouin Alex Chiasson 15 1 2 2
5 vs 5 Defense
Defense Defense Time % Phy DF OF
1 Roman Josi Shea Theodore 35 1 2 2
2 Marc Staal John Marino 30 1 2 2
3 Marc-Edouard Vlasic Travis Hamonic 25 1 2 2
4 Roman Josi Shea Theodore 10 1 2 2
PowerPlay Forward
Center Left Wing Right Wing Time % Phy DF OF
1 Sean Couturier Chris Kreider Joe Pavelski 50 1 2 2
2 Eric Staal Nikolaj Ehlers Rickard Rakell 50 1 2 2
PowerPlay Defense
Defense Defense Time % Phy DF OF
1 Reilly Smith Roman Josi 50 1 2 2
2 Tyler Bertuzzi Shea Theodore 50 1 2 2
Penalty Kill 4 Players Forward
Center Wing Time % Phy DF OF
1 Lars Eller Joe Pavelski 50 1 2 2
2 Eric Staal Jordan Staal 50 1 2 2
Penalty Kill 4 Players Defense
Defense Defense Time % Phy DF OF
1 Roman Josi Travis Hamonic 50 1 2 2
2 Marc-Edouard Vlasic Marc Staal 50 1 2 2
Penalty Kill - 3 Players Forward
Forward Time % Phy DF OF
1 Lars Eller 50 1 2 2
2 Jordan Staal 50 1 2 2
Penalty Kill - 3 Players Defense
Defense Defense Time % Phy DF OF
1 Roman Josi Travis Hamonic 50 1 2 2
2 Eric Staal Marc Staal 50 1 2 2
4 vs 4 Forward
Center Wing Time % Phy DF OF
1 Joe Pavelski Chris Kreider 50 1 2 2
2 Sean Couturier Rickard Rakell 50 1 2 2
4 vs 4 Defense
Defense Defense Time % Phy DF OF
1 Roman Josi Shea Theodore 50 1 2 2
2 Marc Staal John Marino 50 1 2 2
Last Minutes Offensive
Center Left Wing Right Wing Defense Defense
Sean Couturier Chris Kreider Joe Pavelski Roman Josi Shea Theodore
Last Minutes Defensive
Center Left Wing Right Wing Defense Defense
Lars Eller Jordan Staal Eric Staal Marc Staal Travis Hamonic
Goaltenders
Starting : Alexandar Georgiev
Backup : Casey DeSmith
Extra Forwards
Normal : Reilly Smith, Joe Pavelski, Chris Kreider - PP : Jonathan Drouin, Alex Chiasson - PK : Reilly Smith
Extra Defensemen
Normal : Marc Staal, Roman Josi, Shea Theodore - PP : John Marino - PK : John Marino, Shea Theodore
Penalty Shots
Rickard Rakell, Lars Eller, Nikolaj Ehlers, Joe Pavelski, Chris Kreider
% Time on Ice - San Jose Sharks
Lines # - Real PCT - Wanted PCT - Time Play
Normal Forward
1 - 30% - 30% - 17:18
2 - 28% - 30% - 16:11
3 - 25% - 25% - 14:19
4 - 18% - 15% - 10:13
Normal Defense
1 - 30% - 30% - 17:21
2 - 29% - 30% - 16:56
3 - 26% - 25% - 15:06
4 - 15% - 15% - 8:38
PP Forward
1 - 0% - 50%
2 - 0% - 50%
PP Defense
1 - 0% - 50%
2 - 0% - 50%
PK Forward
1 - 50% - 50% - 1:00
2 - 50% - 50% - 0:59
PK Defense
1 - 28% - 50% - 0:33
2 - 72% - 50% - 1:26
PK3 Forward
1 - 0% - 50%
2 - 0% - 50%
PK3 Defense
1 - 0% - 50%
2 - 0% - 50%
44 Forward
1 - 56% - 50% - 2:47
2 - 44% - 50% - 2:13
44 Defense
1 - 56% - 50% - 2:47
2 - 44% - 50% - 2:13
Last Minute Offensive - 0:00
Last Minute Defensive - 0:00
Total
Forward - 65:00
Defense - 65:00
|
% Time on Ice - Vegas Golden Knights
Lines # - Real PCT - Wanted PCT - Time Play
Normal Forward
1 - 29% - 30% - 16:55
2 - 29% - 30% - 17:01
3 - 25% - 25% - 14:42
4 - 16% - 15% - 9:23
Normal Defense
1 - 32% - 35% - 18:23
2 - 31% - 30% - 17:44
3 - 26% - 25% - 15:08
4 - 12% - 10% - 6:46
PP Forward
1 - 57% - 50% - 1:08
2 - 43% - 50% - 0:51
PP Defense
1 - 65% - 50% - 1:17
2 - 35% - 50% - 0:42
PK Forward
1 - 0% - 50%
2 - 0% - 50%
PK Defense
1 - 0% - 50%
2 - 0% - 50%
PK3 Forward
1 - 0% - 50%
2 - 0% - 50%
PK3 Defense
1 - 0% - 50%
2 - 0% - 50%
44 Forward
1 - 44% - 50% - 2:11
2 - 56% - 50% - 2:49
44 Defense
1 - 48% - 50% - 2:24
2 - 52% - 50% - 2:36
Last Minute Offensive - 0:00
Last Minute Defensive - 0:00
Total
Forward - 65:00
Defense - 65:00
|
Play-by-Play
1st period
0:01 of 1st period - William Karlsson wins face-off versus Sean Couturier in neutral zone.
0:57 of 1st period - Snap shot by Tyler Bertuzzi.
0:57 of 1st period - Shot Misses the Net.
1:11 of 1st period - Snap shot by Andreas Athanasiou.
1:11 of 1st period - Stopped by Alexandar Georgiev without a rebound.
1:12 of 1st period - Lars Eller wins face-off versus John Hayden in Vegas Golden Knights zone.
1:37 of 1st period - Travis Hamonic is hit by John Hayden and loses puck.
1:44 of 1st period - Snap shot by Andreas Athanasiou.
1:44 of 1st period - Shot Misses the Net.
2:29 of 1st period - John Hayden is hit by Marc Staal and loses puck.
2:50 of 1st period - Snap shot by Victor Olofsson.
2:50 of 1st period - Shot Misses the Net.
3:29 of 1st period - Slapshot by Andreas Athanasiou.
3:29 of 1st period - Shot Misses the Net.
3:31 of 1st period - Slapshot by Christopher Tanev.
3:31 of 1st period - Shot Blocked by Lars Eller.
3:33 of 1st period - Slapshot by Connor Murphy.
3:33 of 1st period - Stopped by Alexandar Georgiev without a rebound.
3:34 of 1st period - William Karlsson wins face-off versus Jordan Staal in Vegas Golden Knights zone.
3:35 of 1st period - Slapshot by Valeri Nichushkin.
3:35 of 1st period - Stopped by Alexandar Georgiev without a rebound.
3:36 of 1st period - Jordan Staal wins face-off versus Valeri Nichushkin in Vegas Golden Knights zone.
3:45 of 1st period - Snap shot by Valeri Nichushkin.
3:45 of 1st period - Deflect By Roman Josi.
3:45 of 1st period - Stopped by Alexandar Georgiev without a rebound.
3:46 of 1st period - Sean Couturier wins face-off versus Christian Dvorak in Vegas Golden Knights zone.
3:46 of 1st period - Sean Couturier is hit by Ivan Barbashev.
4:25 of 1st period - Wrist shot by Reilly Smith.
4:25 of 1st period - Stopped by Ilya Samsonov with a rebound.
4:47 of 1st period - Slapshot by William Karlsson.
4:47 of 1st period - Shot Blocked by Travis Hamonic.
4:49 of 1st period - Snap shot by Valeri Nichushkin.
4:49 of 1st period - Stopped by Alexandar Georgiev without a rebound.
4:50 of 1st period - Sean Couturier wins face-off versus Ryan Hartman in Vegas Golden Knights zone.
4:55 of 1st period - Snap shot by Joe Pavelski.
4:55 of 1st period - Stopped by Ilya Samsonov with a rebound.
4:57 of 1st period - Snap shot by Sean Couturier.
4:57 of 1st period - Stopped by Ilya Samsonov with a rebound.
5:03 of 1st period - Wrist shot by Chris Kreider.
5:03 of 1st period - Shot Misses the Net.
5:05 of 1st period - Slapshot by John Marino.
5:05 of 1st period - Shot Blocked by Jack Roslovic.
5:07 of 1st period - Snap shot by John Marino.
5:07 of 1st period - Shot Misses the Net.
5:23 of 1st period - Roman Josi is hit by Connor Murphy and loses puck.
5:44 of 1st period - Snap shot by Nikolaj Ehlers.
5:44 of 1st period - Deflect By Rickard Rakell.
5:44 of 1st period - Goal by Rickard Rakell - San Jose Sharks : 0 - Vegas Golden Knights : 1.
5:45 of 1st period - Sean Couturier wins face-off versus Ryan Hartman in neutral zone.
5:56 of 1st period - Wrist shot by Chris Kreider.
5:56 of 1st period - Shot Misses the Net.
5:58 of 1st period - Slapshot by Chris Kreider.
5:58 of 1st period - Shot Hit the Post.
6:00 of 1st period - Slapshot by Roman Josi.
6:00 of 1st period - Stopped by Ilya Samsonov without a rebound.
6:01 of 1st period - William Karlsson wins face-off versus Jordan Staal in San Jose Sharks zone.
6:48 of 1st period - Off-side.
6:49 of 1st period - Ryan Hartman wins face-off versus Eric Staal in neutral zone.
6:59 of 1st period - Snap shot by Tyler Bertuzzi.
6:59 of 1st period - Stopped by Ilya Samsonov with a rebound.
7:55 of 1st period - Joe Pavelski is hit by Victor Olofsson and loses puck.
8:36 of 1st period - Snap shot by Ivan Barbashev.
8:36 of 1st period - Stopped by Alexandar Georgiev with a rebound.
8:38 of 1st period - Wrist shot by Christian Dvorak.
8:38 of 1st period - Stopped by Alexandar Georgiev without a rebound.
8:39 of 1st period - Ryan Hartman wins face-off versus Eric Staal in Vegas Golden Knights zone.
9:04 of 1st period - William Karlsson is hit by Rickard Rakell and loses puck.
9:15 of 1st period - Snap shot by Rickard Rakell.
9:15 of 1st period - Shot Misses the Net.
9:17 of 1st period - Snap shot by Nikolaj Ehlers.
9:17 of 1st period - Shot Blocked by William Karlsson.
9:35 of 1st period - Snap shot by Victor Olofsson.
9:35 of 1st period - Stopped by Alexandar Georgiev without a rebound.
9:36 of 1st period - Jordan Staal wins face-off versus Ryan Hartman in Vegas Golden Knights zone.
10:07 of 1st period - Slapshot by Chris Kreider.
10:07 of 1st period - Shot Misses the Net.
10:09 of 1st period - Snap shot by Chris Kreider.
10:09 of 1st period - Stopped by Ilya Samsonov without a rebound.
10:10 of 1st period - Sean Couturier wins face-off versus Adam Henrique in San Jose Sharks zone.
10:11 of 1st period - Backhand shot by Joe Pavelski.
10:11 of 1st period - Shot Blocked by Anthony Deangelo.
10:13 of 1st period - Snap shot by Joe Pavelski.
10:13 of 1st period - Deflect By Chris Kreider.
10:13 of 1st period - Stopped by Ilya Samsonov without a rebound.
10:14 of 1st period - Sean Couturier wins face-off versus Adam Henrique in San Jose Sharks zone.
10:23 of 1st period - Snap shot by Chris Kreider.
10:23 of 1st period - Deflect By Joe Pavelski.
10:23 of 1st period - Stopped by Ilya Samsonov without a rebound.
10:24 of 1st period - Sean Couturier wins face-off versus William Karlsson in San Jose Sharks zone.
10:27 of 1st period - Slapshot by Joe Pavelski.
10:27 of 1st period - Shot Misses the Net.
10:29 of 1st period - Slapshot by Shea Theodore.
10:29 of 1st period - Shot Hit the Post.
10:31 of 1st period - Wrist shot by Sean Couturier.
10:31 of 1st period - Shot Misses the Net.
10:39 of 1st period - Wrist shot by Joe Pavelski.
10:39 of 1st period - Shot Misses the Net.
10:41 of 1st period - Slapshot by Roman Josi.
10:41 of 1st period - Stopped by Ilya Samsonov without a rebound.
10:42 of 1st period - Christian Dvorak wins face-off versus Tyler Bertuzzi in San Jose Sharks zone.
10:42 of 1st period - Christian Dvorak is hit by Eric Staal.
11:08 of 1st period - Derek Forbort is hit by Jordan Staal and loses puck.
11:41 of 1st period - Snap shot by Chris Kreider.
11:41 of 1st period - Shot Misses the Net.
11:55 of 1st period - Wrist shot by Adam Henrique.
11:55 of 1st period - Deflect By Ivan Barbashev.
11:55 of 1st period - Shot Misses the Net.
11:55 of 1st period - Puck is out of play.
11:56 of 1st period - Rickard Rakell wins face-off versus Adam Henrique in Vegas Golden Knights zone.
12:03 of 1st period - Snap shot by Rickard Rakell.
12:03 of 1st period - Stopped by Ilya Samsonov without a rebound.
12:04 of 1st period - Ryan Hartman wins face-off versus Nikolaj Ehlers in San Jose Sharks zone.
12:38 of 1st period - Snap shot by Tyler Bertuzzi.
12:38 of 1st period - Stopped by Ilya Samsonov without a rebound.
12:39 of 1st period - William Karlsson wins face-off versus Sean Couturier in San Jose Sharks zone.
12:39 of 1st period - William Karlsson is hit by Roman Josi.
12:51 of 1st period - Snap shot by Chris Kreider.
12:51 of 1st period - Stopped by Ilya Samsonov without a rebound.
12:52 of 1st period - Eric Staal wins face-off versus Ryan Hartman in San Jose Sharks zone.
12:53 of 1st period - Slapshot by Roman Josi.
12:53 of 1st period - Deflect By Reilly Smith.
12:53 of 1st period - Shot Misses the Net.
12:53 of 1st period - Puck is out of play.
12:54 of 1st period - Eric Staal wins face-off versus Ryan Hartman in San Jose Sharks zone.
13:41 of 1st period - Chris Kreider is hit by Adam Henrique and loses puck.
13:48 of 1st period - Slapshot by Ivan Barbashev.
13:48 of 1st period - Stopped by Alexandar Georgiev without a rebound.
13:49 of 1st period - Eric Staal wins face-off versus Ryan Hartman in Vegas Golden Knights zone.
14:18 of 1st period - Valeri Nichushkin is hit by Rickard Rakell and loses puck.
14:49 of 1st period - Snap shot by Ivan Barbashev.
14:49 of 1st period - Shot Blocked by Marc-Edouard Vlasic.
15:05 of 1st period - Snap shot by Alex Chiasson.
15:05 of 1st period - Stopped by Ilya Samsonov with a rebound.
16:38 of 1st period - Off-side.
16:39 of 1st period - Eric Staal wins face-off versus John Hayden in neutral zone.
16:44 of 1st period - Reilly Smith is hit by Connor Murphy and loses puck.
17:52 of 1st period - Slapshot by Roman Josi.
17:52 of 1st period - Stopped by Ilya Samsonov with a rebound.
17:54 of 1st period - Snap shot by Eric Staal.
17:54 of 1st period - Shot Misses the Net.
17:56 of 1st period - Wrist shot by Eric Staal.
17:56 of 1st period - Stopped by Ilya Samsonov with a rebound.
17:58 of 1st period - Wrist shot by Reilly Smith.
17:58 of 1st period - Shot Misses the Net.
18:00 of 1st period - Slapshot by Shea Theodore.
18:00 of 1st period - Shot Blocked by Christopher Tanev.
18:04 of 1st period - Wrist shot by Tyler Bertuzzi.
18:04 of 1st period - Stopped by Ilya Samsonov without a rebound.
18:05 of 1st period - Jordan Staal wins face-off versus Adam Henrique in San Jose Sharks zone.
18:54 of 1st period - Slapshot by Joe Pavelski.
18:54 of 1st period - Shot Blocked by Anthony Deangelo.
19:04 of 1st period - Wrist shot by Joe Pavelski.
19:04 of 1st period - Shot Blocked by Anthony Deangelo.
19:20 of 1st period - Wrist shot by Christian Dvorak.
19:20 of 1st period - Deflect By Adam Henrique.
19:20 of 1st period - Shot Blocked by Jonathan Drouin.
19:20 of 1st period - Puck is out of play.
19:21 of 1st period - Lars Eller wins face-off versus Adam Henrique in Vegas Golden Knights zone.
19:30 of 1st period - Slapshot by Alex Chiasson.
19:30 of 1st period - Shot Blocked by Zachary Werenski.
19:53 of 1st period - Backhand shot by Alex Chiasson.
19:53 of 1st period - Stopped by Ilya Samsonov without a rebound.
19:54 of 1st period - Sean Couturier wins face-off versus William Karlsson in San Jose Sharks zone.
Goals for this period are 0 for San Jose Sharks vs 1 for Vegas Golden Knights.
Shots for this period are 9 for San Jose Sharks vs 18 for Vegas Golden Knights.
2nd period
0:01 of 2nd period - Sean Couturier wins face-off versus Ryan Hartman in neutral zone.
0:50 of 2nd period - Wrist shot by Christian Dvorak.
0:50 of 2nd period - Shot Blocked by Roman Josi.
0:52 of 2nd period - Slapshot by Anthony Deangelo.
0:52 of 2nd period - Stopped by Alexandar Georgiev with a rebound.
0:54 of 2nd period - Wrist shot by Christian Dvorak.
0:54 of 2nd period - Shot Misses the Net.
0:56 of 2nd period - Slapshot by Adam Henrique.
0:56 of 2nd period - Shot Blocked by Roman Josi.
1:30 of 2nd period - Snap shot by Ryan Hartman.
1:30 of 2nd period - Stopped by Alexandar Georgiev without a rebound.
1:31 of 2nd period - Jordan Staal wins face-off versus Ryan Hartman in Vegas Golden Knights zone.
2:15 of 2nd period - Snap shot by Nikolaj Ehlers.
2:15 of 2nd period - Stopped by Ilya Samsonov with a rebound.
2:17 of 2nd period - Snap shot by Rickard Rakell.
2:17 of 2nd period - Stopped by Ilya Samsonov without a rebound.
2:18 of 2nd period - William Karlsson wins face-off versus Sean Couturier in San Jose Sharks zone.
2:23 of 2nd period - Marc-Edouard Vlasic is hit by William Karlsson and loses puck.
3:26 of 2nd period - Wrist shot by Dylan Strome.
3:26 of 2nd period - Shot Misses the Net.
3:42 of 2nd period - Slapshot by Zachary Werenski.
3:42 of 2nd period - Stopped by Alexandar Georgiev without a rebound.
3:43 of 2nd period - Jordan Staal wins face-off versus Adam Henrique in Vegas Golden Knights zone.
3:50 of 2nd period - Snap shot by Nikolaj Ehlers.
3:50 of 2nd period - Deflect By Rickard Rakell.
3:50 of 2nd period - Stopped by Ilya Samsonov without a rebound.
3:51 of 2nd period - Sean Couturier wins face-off versus Adam Henrique in San Jose Sharks zone.
3:58 of 2nd period - Snap shot by Chris Kreider.
3:58 of 2nd period - Deflect By Sean Couturier.
3:58 of 2nd period - Shot Blocked by Connor Murphy.
3:58 of 2nd period - Puck is out of play.
3:59 of 2nd period - Adam Henrique wins face-off versus Sean Couturier in San Jose Sharks zone.
4:06 of 2nd period - Roman Josi is hit by Ivan Barbashev and loses puck.
4:52 of 2nd period - Snap shot by Reilly Smith.
4:52 of 2nd period - Shot Misses the Net.
4:54 of 2nd period - Slapshot by Eric Staal.
4:54 of 2nd period - Stopped by Ilya Samsonov without a rebound.
4:55 of 2nd period - Sean Couturier wins face-off versus Adam Henrique in San Jose Sharks zone.
4:58 of 2nd period - Wrist shot by Chris Kreider.
4:58 of 2nd period - Stopped by Ilya Samsonov with a rebound.
5:30 of 2nd period - Snap shot by Valeri Nichushkin.
5:30 of 2nd period - Stopped by Alexandar Georgiev with a rebound.
5:32 of 2nd period - Slapshot by Derek Forbort.
5:32 of 2nd period - Stopped by Alexandar Georgiev without a rebound.
5:33 of 2nd period - Sean Couturier wins face-off versus Jack Roslovic in Vegas Golden Knights zone.
5:49 of 2nd period - Slapshot by Ryan Hartman.
5:49 of 2nd period - Stopped by Alexandar Georgiev without a rebound.
5:50 of 2nd period - Jordan Staal wins face-off versus Adam Henrique in Vegas Golden Knights zone.
6:01 of 2nd period - Snap shot by Roman Josi.
6:01 of 2nd period - Stopped by Ilya Samsonov without a rebound.
6:02 of 2nd period - Jordan Staal wins face-off versus Christian Dvorak in San Jose Sharks zone.
6:11 of 2nd period - Snap shot by Nikolaj Ehlers.
6:11 of 2nd period - Deflect By Zachary Werenski.
6:11 of 2nd period - Shot Blocked by Derek Forbort.
6:11 of 2nd period - Puck is out of play.
6:12 of 2nd period - Adam Henrique wins face-off versus Rickard Rakell in San Jose Sharks zone.
6:44 of 2nd period - Zachary Werenski is hit by Shea Theodore and loses puck.
6:59 of 2nd period - Wrist shot by Rickard Rakell.
6:59 of 2nd period - Deflect By Nikolaj Ehlers.
6:59 of 2nd period - Shot Blocked by Zachary Werenski.
6:59 of 2nd period - Puck is out of play.
7:00 of 2nd period - William Karlsson wins face-off versus Chris Kreider in San Jose Sharks zone.
7:11 of 2nd period - Wrist shot by Joe Pavelski.
7:11 of 2nd period - Shot Misses the Net.
7:13 of 2nd period - Snap shot by Joe Pavelski.
7:13 of 2nd period - Stopped by Ilya Samsonov without a rebound.
7:14 of 2nd period - Eric Staal wins face-off versus Jack Roslovic in San Jose Sharks zone.
7:17 of 2nd period - Wrist shot by Tyler Bertuzzi.
7:17 of 2nd period - Shot Misses the Net.
7:27 of 2nd period - Slapshot by Reilly Smith.
7:27 of 2nd period - Shot Blocked by Christopher Tanev.
8:12 of 2nd period - Snap shot by Valeri Nichushkin.
8:12 of 2nd period - Shot Misses the Net.
8:14 of 2nd period - Slapshot by Connor Murphy.
8:14 of 2nd period - Stopped by Alexandar Georgiev with a rebound.
8:16 of 2nd period - Snap shot by Ivan Barbashev.
8:16 of 2nd period - Stopped by Alexandar Georgiev without a rebound.
8:17 of 2nd period - Eric Staal wins face-off versus Ryan Hartman in Vegas Golden Knights zone.
8:22 of 2nd period - Snap shot by Tyler Bertuzzi.
8:22 of 2nd period - Shot Misses the Net.
8:24 of 2nd period - Wrist shot by Eric Staal.
8:24 of 2nd period - Stopped by Ilya Samsonov without a rebound.
8:25 of 2nd period - Ryan Hartman wins face-off versus Eric Staal in San Jose Sharks zone.
9:05 of 2nd period - Wrist shot by Tyler Bertuzzi.
9:05 of 2nd period - Stopped by Ilya Samsonov without a rebound.
9:06 of 2nd period - William Karlsson wins face-off versus Sean Couturier in San Jose Sharks zone.
9:33 of 2nd period - Rickard Rakell is hit by Adam Henrique and loses puck.
9:40 of 2nd period - Snap shot by Christian Dvorak.
9:40 of 2nd period - Stopped by Alexandar Georgiev with a rebound.
9:42 of 2nd period - Snap shot by Christopher Tanev.
9:42 of 2nd period - Stopped by Alexandar Georgiev without a rebound.
9:43 of 2nd period - Adam Henrique wins face-off versus Reilly Smith in Vegas Golden Knights zone.
9:56 of 2nd period - Wrist shot by Tyler Bertuzzi.
9:56 of 2nd period - Shot Misses the Net.
10:08 of 2nd period - Sean Couturier is hit by Valeri Nichushkin and loses puck.
10:46 of 2nd period - Snap shot by Chris Kreider.
10:46 of 2nd period - Shot Misses the Net.
10:48 of 2nd period - Wrist shot by Sean Couturier.
10:48 of 2nd period - Stopped by Ilya Samsonov with a rebound.
11:14 of 2nd period - Snap shot by Joe Pavelski.
11:14 of 2nd period - Shot Misses the Net.
11:16 of 2nd period - Slapshot by Marc-Edouard Vlasic.
11:16 of 2nd period - Stopped by Ilya Samsonov without a rebound.
11:17 of 2nd period - Jordan Staal wins face-off versus Valeri Nichushkin in San Jose Sharks zone.
11:44 of 2nd period - Lars Eller is hit by Ivan Barbashev and loses puck.
12:09 of 2nd period - Off-side.
12:10 of 2nd period - Jordan Staal wins face-off versus John Hayden in neutral zone.
12:36 of 2nd period - Snap shot by Victor Olofsson.
12:36 of 2nd period - Stopped by Alexandar Georgiev without a rebound.
12:37 of 2nd period - Eric Staal wins face-off versus William Karlsson in Vegas Golden Knights zone.
12:48 of 2nd period - Snap shot by Valeri Nichushkin.
12:48 of 2nd period - Stopped by Alexandar Georgiev without a rebound.
12:49 of 2nd period - Adam Henrique wins face-off versus Eric Staal in Vegas Golden Knights zone.
13:43 of 2nd period - Wrist shot by Nikolaj Ehlers.
13:43 of 2nd period - Stopped by Ilya Samsonov with a rebound.
13:45 of 2nd period - Wrist shot by Rickard Rakell.
13:45 of 2nd period - Stopped by Ilya Samsonov without a rebound.
13:46 of 2nd period - Adam Henrique wins face-off versus Jordan Staal in San Jose Sharks zone.
13:59 of 2nd period - Nikolaj Ehlers is hit by Ivan Barbashev and loses puck.
14:17 of 2nd period - Wrist shot by Nikolaj Ehlers.
14:17 of 2nd period - Deflect By Jordan Staal.
14:17 of 2nd period - Stopped by Ilya Samsonov with a rebound.
14:19 of 2nd period - Wrist shot by Rickard Rakell.
14:19 of 2nd period - Shot Blocked by Jack Roslovic.
14:21 of 2nd period - Slapshot by Nikolaj Ehlers.
14:21 of 2nd period - Shot Hit the Post.
14:23 of 2nd period - Slapshot by Jordan Staal.
14:23 of 2nd period - Shot Misses the Net.
14:25 of 2nd period - Snap shot by Rickard Rakell.
14:25 of 2nd period - Stopped by Ilya Samsonov with a rebound.
14:47 of 2nd period - Snap shot by Reilly Smith.
14:47 of 2nd period - Stopped by Ilya Samsonov without a rebound.
14:48 of 2nd period - Adam Henrique wins face-off versus Sean Couturier in San Jose Sharks zone.
14:55 of 2nd period - Snap shot by Joe Pavelski.
14:55 of 2nd period - Shot Misses the Net.
14:57 of 2nd period - Snap shot by Roman Josi.
14:57 of 2nd period - Stopped by Ilya Samsonov with a rebound.
15:50 of 2nd period - John Marino is hit by Ilya Mikheyev and loses puck.
16:15 of 2nd period - Wrist shot by Andreas Athanasiou.
16:15 of 2nd period - Stopped by Alexandar Georgiev without a rebound.
16:16 of 2nd period - Sean Couturier wins face-off versus Adam Henrique in Vegas Golden Knights zone.
16:27 of 2nd period - Snap shot by Chris Kreider.
16:27 of 2nd period - Stopped by Ilya Samsonov with a rebound.
17:06 of 2nd period - Wrist shot by Adam Henrique.
17:06 of 2nd period - Shot Misses the Net.
17:08 of 2nd period - Snap shot by Ivan Barbashev.
17:08 of 2nd period - Shot Misses the Net.
17:10 of 2nd period - Slapshot by Ivan Barbashev.
17:10 of 2nd period - Shot Misses the Net.
17:12 of 2nd period - Snap shot by Adam Henrique.
17:12 of 2nd period - Stopped by Alexandar Georgiev without a rebound.
17:13 of 2nd period - Valeri Nichushkin wins face-off versus Eric Staal in Vegas Golden Knights zone.
17:17 of 2nd period - Icing by Shea Theodore.
17:18 of 2nd period - William Karlsson wins face-off versus Eric Staal in Vegas Golden Knights zone.
17:35 of 2nd period - Valeri Nichushkin is hit by Tyler Bertuzzi and loses puck.
19:31 of 2nd period - Snap shot by Andreas Athanasiou.
19:31 of 2nd period - Deflect By Victor Olofsson.
19:31 of 2nd period - Stopped by Alexandar Georgiev without a rebound.
19:32 of 2nd period - Jordan Staal wins face-off versus William Karlsson in Vegas Golden Knights zone.
19:32 of 2nd period - Jordan Staal is hit by Valeri Nichushkin.
Goals for this period are 0 for San Jose Sharks vs 0 for Vegas Golden Knights.
Shots for this period are 15 for San Jose Sharks vs 18 for Vegas Golden Knights.
3rd period
0:01 of 3rd period - Sean Couturier wins face-off versus Adam Henrique in neutral zone.
0:14 of 3rd period - Joe Pavelski is hit by Adam Henrique.
0:26 of 3rd period - Zachary Werenski is hit by Roman Josi and loses puck.
1:05 of 3rd period - Slapshot by Zachary Werenski.
1:05 of 3rd period - Stopped by Alexandar Georgiev with a rebound.
1:37 of 3rd period - Zachary Werenski is hit by Sean Couturier and loses puck.
2:32 of 3rd period - Nikolaj Ehlers is hit by Christian Dvorak.
2:35 of 3rd period - Off-side.
2:36 of 3rd period - Jordan Staal wins face-off versus Adam Henrique in neutral zone.
2:50 of 3rd period - Nikolaj Ehlers is hit by Simon Nemec and loses puck.
2:59 of 3rd period - Snap shot by Nikolaj Ehlers.
2:59 of 3rd period - Deflect By Rickard Rakell.
2:59 of 3rd period - Stopped by Ilya Samsonov with a rebound.
3:15 of 3rd period - Slapshot by Nikolaj Ehlers.
3:15 of 3rd period - Shot Misses the Net.
3:17 of 3rd period - Wrist shot by Jordan Staal.
3:17 of 3rd period - Stopped by Ilya Samsonov with a rebound.
3:19 of 3rd period - Slapshot by Nikolaj Ehlers.
3:19 of 3rd period - Shot Blocked by Simon Nemec.
3:25 of 3rd period - Wrist shot by Nikolaj Ehlers.
3:25 of 3rd period - Shot Misses the Net.
3:47 of 3rd period - Snap shot by Rickard Rakell.
3:47 of 3rd period - Shot Misses the Net.
3:53 of 3rd period - Wrist shot by Nikolaj Ehlers.
3:53 of 3rd period - Shot Misses the Net.
3:55 of 3rd period - Slapshot by Travis Hamonic.
3:55 of 3rd period - Shot Blocked by Simon Nemec.
4:05 of 3rd period - Snap shot by Nikolaj Ehlers.
4:05 of 3rd period - Shot Misses the Net.
4:41 of 3rd period - Slapshot by Nikolaj Ehlers.
4:41 of 3rd period - Stopped by Ilya Samsonov without a rebound.
4:42 of 3rd period - Sean Couturier wins face-off versus Ryan Hartman in San Jose Sharks zone.
4:49 of 3rd period - Snap shot by Joe Pavelski.
4:49 of 3rd period - Stopped by Ilya Samsonov without a rebound.
4:50 of 3rd period - Ryan Hartman wins face-off versus Sean Couturier in San Jose Sharks zone.
4:57 of 3rd period - Slapshot by Jack Roslovic.
4:57 of 3rd period - Shot Blocked by Roman Josi.
4:59 of 3rd period - Snap shot by Ilya Mikheyev.
4:59 of 3rd period - Shot Blocked by Sean Couturier.
5:01 of 3rd period - Slapshot by Ilya Mikheyev.
5:01 of 3rd period - Stopped by Alexandar Georgiev with a rebound.
5:03 of 3rd period - Slapshot by Connor Murphy.
5:03 of 3rd period - Shot Blocked by Sean Couturier.
5:29 of 3rd period - Reilly Smith is hit by Valeri Nichushkin and loses puck.
5:56 of 3rd period - Icing by Roman Josi.
5:57 of 3rd period - Lars Eller wins face-off versus Ryan Hartman in Vegas Golden Knights zone.
6:05 of 3rd period - Off-side.
6:06 of 3rd period - Sean Couturier wins face-off versus William Karlsson in neutral zone.
7:13 of 3rd period - Zachary Werenski is hit by Lars Eller and loses puck.
7:37 of 3rd period - Icing by Derek Forbort.
7:38 of 3rd period - Jordan Staal wins face-off versus John Hayden in San Jose Sharks zone.
7:45 of 3rd period - Snap shot by Tyler Bertuzzi.
7:45 of 3rd period - Shot Blocked by Derek Forbort.
8:18 of 3rd period - Snap shot by Valeri Nichushkin.
8:18 of 3rd period - Stopped by Alexandar Georgiev with a rebound.
8:20 of 3rd period - Wrist shot by Dylan Strome.
8:20 of 3rd period - Shot Blocked by Sean Couturier.
8:50 of 3rd period - Lars Eller is hit by Christian Dvorak and loses puck.
9:14 of 3rd period - Backhand shot by Valeri Nichushkin.
9:14 of 3rd period - Stopped by Alexandar Georgiev without a rebound.
9:15 of 3rd period - Eric Staal wins face-off versus Ryan Hartman in Vegas Golden Knights zone.
9:51 of 3rd period - Snap shot by Chris Kreider.
9:51 of 3rd period - Deflect By Joe Pavelski.
9:51 of 3rd period - Stopped by Ilya Samsonov without a rebound.
9:52 of 3rd period - Sean Couturier wins face-off versus William Karlsson in San Jose Sharks zone.
11:18 of 3rd period - Snap shot by Roman Josi.
11:18 of 3rd period - Shot Blocked by William Karlsson.
11:44 of 3rd period - Slapshot by Zachary Werenski.
11:44 of 3rd period - Deflect By Roman Josi.
11:44 of 3rd period - Stopped by Alexandar Georgiev without a rebound.
11:45 of 3rd period - Adam Henrique wins face-off versus Eric Staal in Vegas Golden Knights zone.
13:00 of 3rd period - Snap shot by Tyler Bertuzzi.
13:00 of 3rd period - Stopped by Ilya Samsonov with a rebound.
13:07 of 3rd period - Minor Penalty to Connor Murphy for Hooking.
13:08 of 3rd period - Sean Couturier wins face-off versus Valeri Nichushkin in San Jose Sharks zone.
13:14 of 3rd period - Snap shot by Chris Kreider.
13:14 of 3rd period - Shot Misses the Net.
13:16 of 3rd period - Snap shot by Joe Pavelski.
13:16 of 3rd period - Stopped by Ilya Samsonov with a rebound.
13:43 of 3rd period - Wrist shot by Chris Kreider.
13:43 of 3rd period - Shot Misses the Net.
13:45 of 3rd period - Wrist shot by Chris Kreider.
13:45 of 3rd period - Shot Misses the Net.
13:47 of 3rd period - Slapshot by Joe Pavelski.
13:47 of 3rd period - Stopped by Ilya Samsonov with a rebound.
13:49 of 3rd period - Backhand shot by Marc-Edouard Vlasic.
13:49 of 3rd period - Shot Misses the Net.
13:51 of 3rd period - Snap shot by Roman Josi.
13:51 of 3rd period - Stopped by Ilya Samsonov without a rebound.
13:52 of 3rd period - Eric Staal wins face-off versus Valeri Nichushkin in San Jose Sharks zone.
14:01 of 3rd period - Wrist shot by Adam Henrique.
14:01 of 3rd period - Shot Misses the Net.
15:07 of 3rd period - Penalty to Connor Murphy is over, Connor Murphy is back on ice.
15:34 of 3rd period - Snap shot by Victor Olofsson.
15:34 of 3rd period - Stopped by Alexandar Georgiev without a rebound.
15:35 of 3rd period - Alex Chiasson wins face-off versus John Hayden in Vegas Golden Knights zone.
15:35 of 3rd period - Alex Chiasson is hit by John Hayden.
15:41 of 3rd period - Slapshot by Andreas Athanasiou.
15:41 of 3rd period - Shot Misses the Net.
16:10 of 3rd period - Wrist shot by Valeri Nichushkin.
16:10 of 3rd period - Deflect By Alex Chiasson.
16:10 of 3rd period - Shot Misses the Net.
16:10 of 3rd period - Puck is out of play.
16:11 of 3rd period - Sean Couturier wins face-off versus Ryan Hartman in Vegas Golden Knights zone.
17:13 of 3rd period - Slapshot by Zachary Werenski.
17:13 of 3rd period - Goal by Zachary Werenski - San Jose Sharks : 1 - Vegas Golden Knights : 1.
17:14 of 3rd period - Ilya Mikheyev wins face-off versus Eric Staal in neutral zone.
17:29 of 3rd period - Snap shot by Jack Roslovic.
17:29 of 3rd period - Shot Blocked by Marc Staal.
18:10 of 3rd period - Snap shot by Adam Henrique.
18:10 of 3rd period - Shot Misses the Net.
18:37 of 3rd period - Slapshot by Victor Olofsson.
18:37 of 3rd period - Shot Hit the Post.
18:39 of 3rd period - Slapshot by Andreas Athanasiou.
18:39 of 3rd period - Shot Blocked by Roman Josi.
18:58 of 3rd period - Wrist shot by Ryan Hartman.
18:58 of 3rd period - Stopped by Alexandar Georgiev without a rebound.
18:59 of 3rd period - Sean Couturier wins face-off versus William Karlsson in Vegas Golden Knights zone.
18:59 of 3rd period - Sean Couturier is hit by Dylan Strome.
Goals for this period are 1 for San Jose Sharks vs 0 for Vegas Golden Knights.
Shots for this period are 8 for San Jose Sharks vs 9 for Vegas Golden Knights.
Overtime #1
0:01 of 1st overtime period - Valeri Nichushkin wins face-off versus Joe Pavelski in neutral zone.
0:03 of 1st overtime period - Off-side.
0:04 of 1st overtime period - Joe Pavelski wins face-off versus Valeri Nichushkin in neutral zone.
0:11 of 1st overtime period - Slapshot by Roman Josi.
0:11 of 1st overtime period - Shot Blocked by Zachary Werenski.
0:15 of 1st overtime period - Wrist shot by Chris Kreider.
0:15 of 1st overtime period - Stopped by Ilya Samsonov with a rebound.
0:35 of 1st overtime period - Slapshot by Rickard Rakell.
0:35 of 1st overtime period - Stopped by Ilya Samsonov without a rebound.
0:36 of 1st overtime period - William Karlsson wins face-off versus Sean Couturier in San Jose Sharks zone.
1:21 of 1st overtime period - Icing by Derek Forbort.
1:22 of 1st overtime period - William Karlsson wins face-off versus Joe Pavelski in San Jose Sharks zone.
1:27 of 1st overtime period - Slapshot by Dylan Strome.
1:27 of 1st overtime period - Stopped by Alexandar Georgiev with a rebound.
1:29 of 1st overtime period - Wrist shot by Dylan Strome.
1:29 of 1st overtime period - Shot Hit the Post.
1:31 of 1st overtime period - Slapshot by Derek Forbort.
1:31 of 1st overtime period - Stopped by Alexandar Georgiev without a rebound.
1:32 of 1st overtime period - Joe Pavelski wins face-off versus Valeri Nichushkin in Vegas Golden Knights zone.
2:10 of 1st overtime period - Wrist shot by Dylan Strome.
2:10 of 1st overtime period - Shot Blocked by Shea Theodore.
2:12 of 1st overtime period - Snap shot by William Karlsson.
2:12 of 1st overtime period - Shot Misses the Net.
3:30 of 1st overtime period - Adam Henrique is hit by Jordan Staal and loses puck.
4:24 of 1st overtime period - Connor Murphy is hit by John Marino and loses puck.
Goals for this period are 0 for San Jose Sharks vs 0 for Vegas Golden Knights.
Shots for this period are 2 for San Jose Sharks vs 2 for Vegas Golden Knights.
ShootOut
5:00 of 1st overtime period - Round #1.
5:00 of 1st overtime period - San Jose Sharks, Valeri Nichushkin.
5:00 of 1st overtime period - Snap shot by Valeri Nichushkin.
5:00 of 1st overtime period - Goal by Valeri Nichushkin.
5:00 of 1st overtime period - Vegas Golden Knights, Rickard Rakell.
5:00 of 1st overtime period - Snap shot by Rickard Rakell.
5:00 of 1st overtime period - Shot Misses the Net.
5:00 of 1st overtime period - Round #2.
5:00 of 1st overtime period - San Jose Sharks, Adam Henrique.
5:00 of 1st overtime period - Backhand shot by Adam Henrique.
5:00 of 1st overtime period - Shot Misses the Net.
5:00 of 1st overtime period - Vegas Golden Knights, Lars Eller.
5:00 of 1st overtime period - Wrist shot by Lars Eller.
5:00 of 1st overtime period - Stopped by Ilya Samsonov.
5:00 of 1st overtime period - Round #3.
5:00 of 1st overtime period - San Jose Sharks, William Karlsson.
5:00 of 1st overtime period - Deke by William Karlsson.
5:00 of 1st overtime period - Stopped by Alexandar Georgiev.
5:00 of 1st overtime period - Vegas Golden Knights, Nikolaj Ehlers.
5:00 of 1st overtime period - Snap shot by Nikolaj Ehlers.
5:00 of 1st overtime period - Stopped by Ilya Samsonov.
Back to the Top